 Dungeon Crawl Stone Soup version 0.28-a0-863-g8cecda6153 (webtiles) character file.

Game seed: 4872757567044851217

211 frimble the Ruffian (level 5, -1/48 HPs)
             Began as a Troll Warper on Nov 18, 2021.
             Slain by a killer bee (7 damage)
             ... on level 3 of the Dungeon.
             The game lasted 00:02:36 (2903 turns).

frimble the Ruffian (Troll Warper)                  Turns: 2903, Time: 00:02:37

Health: -1/48      AC:  4    Str: 19    XL:     5   Next: 57%
Magic:  3/5        EV:  9    Int: 10    God:
Gold:   130        SH:  0    Dex:  9    Spells: 4/6 levels left

rFire   . . .      SeeInvis .     - Unarmed
rCold   . . .      Faith    .   (no shield)
rNeg    . . .      Spirit   .   a - +0 robe
rPois   .          Reflect  .   (helmet restricted)
rElec   .          Harm     .   (no cloak)
rCorr   .          Rampage  .   (gloves unavailable)
Will    .....                   (boots unavailable)
Stlth   +.........              (no amulet)
HPRegen 1.16/turn               (no ring)
MPRegen 0.09/turn               (no ring)

@: lethally poisoned (-1 -> -1)
A: large, unfitting armour, claws 3, regeneration 1, shaggy fur 1, tough skin 1
a: no special abilities


You were on level 3 of the Dungeon.
You visited 1 branch of the dungeon, and saw 4 of its levels.

You collected 130 gold pieces.

Inventory:

Missiles
 c - 5 boomerangs of dispersal (quivered)
 e - 5 boomerangs
Armour
 a - a +0 robe (worn)
Jewellery
 l - a +4 ring of protection
Wands
 j - a wand of digging (2)
Scrolls
 b - a scroll of blinking
 h - a scroll of enchant weapon
Potions
 d - a potion of haste
 g - a potion of curing
 i - a potion of might {unknown}
 k - a potion of flight {unknown}


   Skills:
 - Level 1.5 Fighting
 - Level 0.8 Throwing
 - Level 1.9 Dodging
 + Level 4.3 Unarmed Combat
 - Level 1.2 Spellcasting
 + Level 3.7 Translocations


You had 4 spell levels left.
You knew the following spells:

 Your Spells              Type           Power      Damage    Failure   Level
a - Blink                 Tloc           16%        N/A       11%         2

Your spell library contained the following spells:

 Spells                   Type           Power      Damage    Failure   Level
 Gell's Gravitas          Tloc           8%         N/A       22%         3
 Lesser Beckoning         Tloc           8%         N/A       22%         3
 Teleport Other           Tloc           8%         N/A       22%         3
 Pain                     Necr           0%         1d4       34%         1
 Shock                    Conj/Air       0%         1d3       34%         1
 Swiftness                Air            0%         N/A       71%         3
 Airstrike                Air            0%         N/A       98%         4
 Manifold Assault         Tloc           8%         N/A       90%         5
 Agony                    Necr           0%         N/A       100%        5
 Excruciating Wounds      Necr           0%         N/A       100%        5


Dungeon Overview and Level Annotations

Branches:
Dungeon (4/15)
 Temple: D:4-7

Altars:
Ru
Trog
Beogh


Innate Abilities, Weirdness & Mutations

You are too large for most types of armour.
You have claws for hands.
Your natural rate of healing is unusually fast.
You are covered in fur. (AC +1)
You have tough skin. (AC +1)


Message History

An adder skeleton comes into view.
A killer bee comes into view.
You are too injured to fight recklessly!
You are too injured to fight recklessly!
Unknown command.
The killer bee buzzes angrily.
You hear a shout!
The killer bee stings you.
You are poisoned.
The killer bee poisons you!
You see here a +0 club.
You feel sick.
There is a stone staircase leading up here.
You feel sick. The killer bee stings you. x2
You are more poisoned.
The killer bee poisons you! The iguana barely misses you.
The killer bee stings you.
You climb upwards.
You feel very sick.
There is a stone staircase leading down here.
Casting: Blink (safe; 11% risk of failure)
Confirm with . or Enter, or press ? or * to list all spells.
You blink.
You feel sick. The iguana bites you!
You feel sick.
You feel sick.
You feel sick.
You feel sick. The killer bee stings you.
* * * LOW HITPOINT WARNING * * *
You feel sick. The killer bee barely misses you.
You feel stable enough to blink again.
You feel sick. The killer bee stings you.
* * * LOW HITPOINT WARNING * * *
You feel sick.
You are no longer poisoned.
The killer bee stings you.
* * * LOW HITPOINT WARNING * * *
You are poisoned.
The killer bee poisons you!
You feel sick. The killer bee closely misses you.
You feel sick. The killer bee stings you!
You die...

#.....# #######.....##########
#....................#
####.#####......#######.#
#........#.......# #.#######
#..#####.####...## #.......#
#..### #.# ##l## #.#####.# #....#
#.# #y# #.# #.# ##.#.# #.# #@#
#.#####.# #.#.# #.# ##+##
#.....#.# #.#.###.# ##...##
#.###.#.# #.......###.....##
#.###.#.# ###.######.......##
#..##.#.#
#####...####.........####........
......#...>'.........'...........
####.###.###........^####...#.##.
#.## ##.###.......## #..##.##.


You could see an iguana and a killer bee.

Vanquished Creatures
  A howler monkey (D:4)
  2 orc wizards (D:3)
  4 adders
  An adder skeleton (D:3)
  2 worms (D:2)
  7 orcs
  3 ball pythons
  4 endoplasms
  3 giant cockroaches
  12 goblins
  5 hobgoblins
  3 jackals (D:2)
  4 quokkas
  9 bats
  3 frilled lizards (D:3)
  5 kobolds
  4 rats
72 creatures vanquished.

Notes
Turn   | Place    | Note
-------+----------+-------------------------------------------
     0 | D:1      | frimble the Troll Warper began the quest for the Orb.
     0 | D:1      | Reached XP level 1. HP: 19/19 MP: 1/1
   169 | D:1      | Reached XP level 2. HP: 27/27 MP: 2/2
   576 | D:1      | Learned a level 2 spell: Blink
   918 | D:2      | Reached XP level 3. HP: 25/33 MP: 3/3
  1056 | D:2      | Reached skill level 3 in Unarmed Combat
  1200 | D:2      | Reached XP level 4. HP: 41/41 MP: 4/4
  1778 | D:2      | Found a faded altar of an unknown god.
  2055 | D:3      | Found a bloodstained altar of Trog.
  2403 | D:3      | Reached XP level 5. HP: 29/48 MP: 5/5
  2422 | D:3      | Found a sacrificial altar of Ru.
  2436 | D:3      | Reached skill level 4 in Unarmed Combat
  2903 | D:3      | Slain by a killer bee

Illustrated notes

Levels and vault maps discovered:
D:1:      dpeg_arrival_morbid_curiosity, layout_basic, hangedman_decor_points
D:2:      layout_basic, hellmonk_ecumenical_altar_defaced_shrine, serial_forest,
          infiniplex_forest_3_way, infiniplex_forest_lined_3,
          infiniplex_forest_clump_small, infiniplex_forest_end_double,
          infiniplex_forest_clump_medium, infiniplex_forest_lined_3,
          infiniplex_forest_end_3, minmay_heptomino_w4
D:3:      layout_loops_corners, nicolae_ru_great_annihilating_truth,
          mainiacjoe_overflow_small_starburst
D:4:      layout_cave_pools, mainiacjoe_overflow_alcove_4,
          minmay_temple_entry_grid, uniq_menkaure

Skill      XL: |  1  2  3  4  5 |
---------------+----------------+-----
Unarmed Combat | 3 4 |  4.3
Translocations | 3 |  3.7
Fighting       | |  1.5
Throwing       | |  0.8
Dodging        | |  1.9
Spellcasting   | |  1.2

Action                   |  1- 3 |  4- 6 || total
-------------------------+-------+-------++-------
Melee: Unarmed           |   106 |   135 ||   241
       Punch             |       |     1 ||     1
 Cast: Blink             |       |     1 ||     1
  Use: Scroll            |     2 |     7 ||     9
 Stab: Sleeping          |       |     2 ||     2
       Invisible         |       |     1 ||     1
       Paralysed         |       |     1 ||     1
Armor: Robe              |    48 |    48 ||    96
Dodge: Dodged            |    52 |    46 ||    98

Table legend: (Time is in decaauts)
 A = Elapsed time spent in this place.
 B = Non-inter-level travel time spent in this place.
 C = Inter-level travel time spent in this place.
 D = Time resting spent in this place.
 E = Time spent auto-exploring this place.
 F = Levels seen in this place.
 G = Mean time per level.
                   A        B        C        D        E       F      G
               +--------+--------+--------+--------+--------+-----+--------+
         Total |   2888 |   2831 |     57 |      0 |   2331 |   4 |  722.0 |
       Dungeon |   2888 |   2831 |     57 |      0 |   2331 |   4 |  722.0 |
               +--------+--------+--------+--------+--------+-----+--------+

Top non-repeatable levels by time:
     D:2: 1058 daAuts
     D:3: 941 daAuts
     D:1: 878 daAuts
     D:4: 10 daAuts
